 Dungeon Crawl Stone Soup version 0.21.1-1-g345015f (webtiles) character file.

262 nightchill the Sneak (level 5, 0/41 HPs)
             Began as a Vampire Assassin on Apr 6, 2018.
             Was a Follower of Uskayaw.
             Slain by a shadow imp (2 damage)
             ... on level 6 of the Dungeon.
             The game lasted 00:19:05 (3370 turns).

nightchill the Sneak (Vampire Assassin)             Turns: 3370, Time: 00:19:05

Health: 0/41       AC: 10    Str: 11    XL:     5   Next: 97%
Magic:  5/5        EV:  5    Int: 13    God:    Uskayaw [*.....]
Gold:   167        SH:  0    Dex: 16    Spells: 4/4 levels left

rFire    . . .     SeeInvis +   a - +2 dagger
rCold    . . .     Gourm    .   (no shield)
rNeg     . . .     Faith    .   j - +0 chain mail
rPois    .         Spirit   .   (no helmet)
rElec    .         Reflect  .   d - +0 cloak
rCorr    .         Harm     .   (no gloves)
MR       .....                  u - +0 pair of boots
Stlth    ..........             (no amulet)
HPRegen  0.33/turn              (no ring)
MPRegen  0.09/turn              (no ring)

@: regenerating quickly
A: fangs 3, see invisible, unbreathing
a: Stomp, Renounce Religion


You were on level 6 of the Dungeon.
You worshipped Uskayaw.
Uskayaw was noncommittal.
You were full.

You visited 2 branches of the dungeon, and saw 7 of its levels.

You collected 167 gold pieces.

Inventory:

Hand Weapons
 a - a +2 dagger (weapon)
 b - a +0 blowgun
 s - a +0 short sword
 z - a +0 whip
Missiles
 e - 17 poisoned needles
 w - 124 stones
 B - 15 sling bullets
 E - a tomahawk (quivered)
Armour
 c - a +0 robe
 d - a +0 cloak (worn)
 j - a +0 chain mail (worn)
 r - a cursed -1 ring mail
 u - a +0 pair of boots (worn)
 y - a +0 large shield
 F - a cursed +0 ring mail
 H - a +2 pair of boots
Jewellery
 k - an uncursed ring of wizardry {unknown}
 n - an uncursed ring of resist corrosion {unknown}
Scrolls
 l - 2 scrolls of fog {unknown}
 m - 4 scrolls of remove curse {unknown}
 o - 2 scrolls of teleportation
 p - 2 scrolls of amnesia {unknown}
 t - 3 scrolls of identify {unknown}
 v - a scroll of noise {unknown}
 C - 3 scrolls of enchant armour {unknown}
 D - a scroll of random uselessness {unknown}
Potions
 f - a potion of might {unknown}
 g - a potion of magic {unknown}
 h - a potion of heal wounds {unknown}
 i - a potion of haste {unknown}
 q - 25 potions of blood
 x - 2 potions of brilliance {unknown}
 A - a potion of mutation {unknown}
 G - a potion of curing {unknown}
 I - a potion of agility {unknown}
 J - a potion of ambrosia {unknown}


   Skills:
 + Level 3.4 Fighting
 * Level 5.7 Short Blades
 - Level 1.5 Throwing
 - Level 1.1 Dodging
 - Level 6.0 Stealth
 + Level 0.3 Invocations


You had 4 spell levels left.
You didn't know any spells.

Dungeon Overview and Level Annotations

Branches:
Dungeon (6/15)             Temple (1/1) D:4

Altars:
Ashenzari
Gozag
Kikubaaqudgha
Okawaru
Qazlal
Ru
Trog
Uskayaw
Wu Jian
Xom
Yredelemnul

Annotations:
D:2 1 exclusion
D:3 buskinjo's ghost, amateur OgEE
D:6 Edmund; Pikel


Innate Abilities, Weirdness & Mutations

Your natural rate of healing is unusually fast.
You have razor-sharp teeth.
You have supernaturally acute eyesight. (SInv)
You can survive without breathing.


Message History

You can now stomp with the beat.
You miss the quokka.
The quokka is moderately wounded.
The shadow imp hits you but does no damage.
The quokka bites you.
* * * LOW HITPOINT WARNING * * *
You hit the quokka.
You kill the quokka!
The shadow imp hits you but does no damage.
You hit the shadow imp.
The shadow imp is moderately wounded.
The shadow imp hits you.
* * * LOW HITPOINT WARNING * * *
You hit the shadow imp.
You bite the shadow imp, but do no damage.
The shadow imp is heavily wounded.
You hit the shadow imp.
The shadow imp is severely wounded.
The shadow imp hits you.
You die...

##############
#....5........
#.....@.......
#....†........
#...
#.............
#...
#.............
#...
#.............
#...
#.............
#...
##..###..####.
#.. ... >.#
###'## #.....


You could see a shadow imp.

Vanquished Creatures
  2 hounds
  A bullfrog skeleton (D:5)
  5 adders
  4 gnolls
  2 worms
  2 dart slugs (D:3)
  2 leopard geckos (D:2)
  7 orcs (D:3)
  A giant cockroach (D:3)
  7 goblins
  9 hobgoblins
  5 jackals
  9 kobolds
  A quokka (D:6)
  A ball python (D:4)
  8 bats
  6 frilled lizards
  8 rats
80 creatures vanquished.

Notes
Turn   | Place    | Note
-------+----------+-------------------------------------------
     0 | D:1      | nightchill the Vampire Assassin began the quest for the Orb.
     0 | D:1      | Reached XP level 1. HP: 16/16 MP: 1/1
   532 | D:1      | Reached skill level 6 in Stealth
   674 | D:1      | Reached XP level 2. HP: 22/22 MP: 2/2
  1142 | D:2      | Found an iron altar of Okawaru.
  1232 | D:2      | Reached XP level 3. HP: 24/27 MP: 3/3
  1476 | D:2      | Reached XP level 4. HP: 30/34 MP: 4/4
  1707 | D:2      | Found a basalt altar of Yredelemnul.
  2526 | D:3      | Reached skill level 5 in Short Blades
  2526 | D:3      | Reached XP level 5. HP: 37/41 MP: 5/5
  2818 | D:3      | Noticed buskinjo's ghost (amateur OgEE)
  3081 | D:4      | Found a staircase to the Ecumenical Temple.
  3121 | Temple   | Entered the Ecumenical Temple
  3133 | Temple   | Became a worshipper of Uskayaw the Reveler
  3176 | D:4      | Found a stormy altar of Qazlal.
  3193 | D:4      | You fall through a shaft for 2 floors!
  3209 | D:6      | Reached * piety under Uskayaw
  3211 | D:6      | Reached ** piety under Uskayaw
  3229 | D:6      | Noticed Edmund
  3267 | D:5      | Entered Level 5 of the Dungeon
  3270 | D:5      | Noticed an ogre
  3342 | D:5      | Found an ornate altar of the Wu Jian Council.
  3355 | D:6      | Noticed Pikel
  3355 | D:6      | Noticed a slave
  3355 | D:6      | Noticed a slave
  3355 | D:6      | Noticed a slave
  3355 | D:6      | Noticed a slave
  3368 | D:6      | HP: 2/41 [shadow imp (4)]
  3370 | D:6      | Slain by a shadow imp

Skill      XL: |  1  2  3  4 |
---------------+-------------+-----
Stealth        | 6 |  6.0
Fighting       | 2 3 |  3.4
Short Blades   | 3 4 5 |  5.7
Throwing       | |  1.5
Dodging        | |  1.1
Invocations    | |  0.3

Action                   |  1- 3 |  4- 6 || total
-------------------------+-------+-------++-------
Melee: Dagger            |   118 |   256 ||   374
       Bite              |    16 |    21 ||    37
 Fire: Blowgun           |     8 |     2 ||    10
Throw: Stone             |       |    10 ||    10
       Tomahawk          |       |     5 ||     5
Invok: Stomp             |       |     1 ||     1
 Abil: End Transformatio |       |     1 ||     1
       Bat Form          |       |     1 ||     1
  Use: Potion            |     7 |     8 ||    15
       Scroll            |       |     2 ||     2
Armor: Chain mail        |    70 |   151 ||   221
       Robe              |     3 |       ||     3
Dodge: Dodged            |    41 |    69 ||   110
